 Dungeon Crawl Stone Soup version 0.16.0-17-g811c1d7 (webtiles) character file.

234757 giann the Slayer (level 19, -10/137 HPs)
             Began as a Gargoyle Berserker on Mar 17, 2015.
             Was a High Priest of Trog.
             Killed from afar by a thorn hunter (28 damage)
             ... with a volley of thorns
             ... on level 5 of the Swamp on Mar 21, 2015.
             The game lasted 01:56:08 (29178 turns).

giann the Slayer (Gargoyle Berserker)              Turns: 29178, Time: 01:56:08

Health: -10/137    AC: 48    Str: 28    XL:     19   Next: 61%
Magic:  6/6        EV: 10    Int:  8    God:    Trog [*****.]
Gold:   1446       SH:  0    Dex: 10    Spells: 0 memorised, 18 levels left

rFire  + . .     SeeInvis +     w - +9 great mace (antimagic)
rCold  + . .     Clarity  .     z - +2 plate armour {rN+}
rNeg   + + .     SustAb   .     (no shield)
rPois  ∞         Gourm    .     e - +2 helmet {SInv}
rElec  +         Spirit   .     A - +2 cloak
rCorr  +         Warding  .     a - +2 pair of gloves
rMut   +         Stasis   .     s - +2 pair of boots
MR     ++++.                    t - amulet of resist mutation
Stlth  ..........               r - +5 ring of slaying
                                F - ring of protection from magic

@: about to teleport, resistant, flying, very slightly contaminated,
regenerating, hasted, invisible, very quick, incredibly resistant to hostile
enchantments, extremely unstealthy
A: able to fly continuously, big wings, negative energy resistance 1,
electricity resistance, unbreathing, petrification resistance, rot immunity, AC
+13
a: Stop Flying, Burn Spellbooks, Berserk, Trog's Hand, Brothers in Arms,
Renounce Religion
}: 1/15 runes: serpentine


You were on level 5 of the Swamp.
You worshipped Trog.
Trog was extremely pleased with you.
You were not hungry.

You visited 5 branches of the dungeon, and saw 35 of its levels.
You visited the Abyss 1 time.
You also visited: Bailey and Ice Cave.

You collected 3806 gold pieces.
You spent 2360 gold pieces at shops.

Inventory:

Hand weapons
 w - a +9 antimagic great mace (weapon)
Armour
 a - a +2 pair of gloves (worn)
 e - a +2 helmet of see invisible (worn)
 s - a +2 pair of boots (worn)
 z - a +2 plate armour of positive energy (worn)
 A - a +2 cloak (worn)
Jewellery
 h - an uncursed ring of protection from fire
 j - an uncursed ring of see invisible
 k - an uncursed amulet of regeneration
 r - a +5 ring of slaying (right hand)
 t - an amulet of resist mutation (around neck)
 y - an uncursed ring of protection from cold
 C - an uncursed amulet of resist corrosion
 F - a ring of protection from magic (left hand)
Magical devices
 u - a wand of digging (6)
 G - a wand of hasting (3)
 K - a wand of digging (18)
 Q - a wand of hasting (4)
 R - a wand of heal wounds (4)
Scrolls
 i - a scroll of summoning
 o - 9 scrolls of identify
 q - 3 scrolls of remove curse
 v - 3 scrolls of recharging
 H - 3 scrolls of fog
 I - 2 scrolls of teleportation
 J - a scroll of silence
 L - a scroll of fear
 N - a scroll of holy word
Potions
 b - a potion of cancellation
 l - 2 potions of resistance
 m - 3 potions of curing
 p - 3 potions of agility
 B - 2 potions of berserk rage
 D - 3 potions of restore abilities
 M - 3 potions of brilliance
Comestibles
 c - 8 bread rations
 d - 7 meat rations
 g - 32 fruits
 x - a slice of pizza


   Skills:
 + Level 21.3 Fighting
 - Level 20.6 Maces & Flails
 + Level 17.5 Armour
 - Level 4.0 Dodging
 - Level 0.2 Stealth


You had 18 spell levels left.
You didn't know any spells.

Dungeon Overview and Level Annotations

Branches:
Dungeon (13/15) Temple (0/1) D:6 Lair (8/8) D:11 Swamp (5/5) Lair:4 Snake (5/5) Lair:5 Slime (0/6) Lair:8 Orc (4/4) D:12 Elf (0/3) Orc:3 Vaults (0/5) D:12 D:13

Altars:
Elyvilon
Fedhas
Gozag
Kikubaaqudgha
Makhleb
Nemelex Xobeh
Okawaru
Qazlal
Sif Muna
Vehumet
Xom
Yredelemnul
Zin
The Shining One
Beogh

Shops:
D:12 *   Orc:3 ![   Orc:4 *=[(

Annotations:
D:7 1 runed door
Lair:6 exclusion: oklob plant
Swamp:5 Saint Roka


Innate Abilities, Weirdness & Mutations

You are resistant to torment.
You are immune to poison.
You can fly continuously.
Your stone body is very resilient (AC +13).
Your wings are large and strong.
You resist negative energy.
You are resistant to electric shocks.
You can survive without breathing.
You are immune to petrification.
You are immune to rotting.


Message History

The orc hits you but does no damage.
The orc priest's eyes start to glow.
Read which item? (? for menu, Esc to quit)
As you read the scroll of teleportation, it crumbles to dust.
You feel strangely unstable. The warg bites you but does no damage.
Saint Roka calls down the wrath of Beogh upon you.
Something smites you!
* * * LOW HITPOINT WARNING * * *
Unknown command.
Drink which item? (? for menu, Esc to quit)
You fade into invisibility!
The orc hits you but does no damage. The warg bites you.
* * * LOW HITPOINT WARNING * * *
Unknown command.
The briar patch crumbles away. x2
You bludgeon the thorn hunter!!!
The thorn hunter is heavily damaged.
The thorn hunter fires a volley of thorns at you.
The volley of thorns hits you!
You die...

***,,,≈≈≈≈≈.♣.≈≈≈≈≈≈[....≈≈≈.≈♣
*≈,,≈≈≈≈≈≈.P≈≈≈≈≈≈≈.♣≈≈≈.....♣♣
**,≈,≈≈≈≈..♣.≈≈≈...≈♣..≈.≈≈≈≈.♣
**,,≈,.♣♣.≈≈≈≈≈≈≈.≈♣♣♣..♣≈≈≈≈..♣
*≈≈,,≈<.≈≈≈w≈...♣≈≈≈§♣♣♣♣≈.≈≈.≈♣
***≈,..≈.ooo)To♣♣.≈≈.♣≈≈.≈<..♣♣♣♣
*≈≈,,,*♣≈o.T≈..≈≈≈♣♣♣.≈≈.♣♣≈≈≈≈
*****♣...♣♣♣.of≈♣♣♣ ♣≈≈♣♣♣.≈≈≈.
♣$≈***♣≈h@♣♣ ♣♣♣♣ ♣≈≈≈§≈
**≈**♣.≈♣P♣ ♣♣♣≈≈. **,,♣≈≈♣♣♣P♣
♣≈.P **≈≈≈.♣P≈,♣♣♣ ♣...
*,≈≈§*♣≈≈≈,*** ♣♣♣♣.≈♣
**,≈≈**,≈≈≈≈≈* ♣≈♣♣♣≈♣
*******,≈≈≈≈** ♣♣.♣♣..≈ *,≈≈≈≈,**
♣♣♣.≈..≈≈≈ **,≈≈≈,≈*♣♣♣.≈P≈..≈≈.


You could see Saint Roka, a thorn hunter, 2 trolls, a swamp worm, a warg, an orc
warrior (frenzied) and 4 orcs.

Vanquished Creatures
  Norris (D:13)
  Mara (Snake:4)
  A tentacled monstrosity (Swamp:3)
  Vashnia (Snake:5)
  A lich (Abyss:2)
  Asterion (Swamp:2)
  2 tentacled starspawn (Abyss:2)
  Rupert (Lair:6)
  Agnes (Swamp:1)
  The ghost of zacpavey the Executioner, a mighty MiBe of Trog (Snake:2)
  Frances (Swamp:4)
  A player illusion (Snake:4)
  14 greater nagas (Snake:5)
  A frost giant (IceCv)
  Donald (D:12)
  Maud (Lair:3)
  Aizul (Snake:2)
  Louise (Snake:3)
  2 orc warlords
  Gastronok (Orc:3)
  An angel (Abyss:2)
  Jorgrun (Snake:2)
  Josephine (Orc:3)
  A fire dragon (Lair:8)
  23 naga warriors
  7 hydras
  8 anacondas
  A centaur warrior (D:13)
  8 alligators
  A death knight (Abyss:2)
  7 death yaks
  6 shock serpents
  2 thrashing horrors (Abyss:2)
  A tengu warrior (D:13)
  6 orc high priests (Orc:4)
  24 naga sharpshooters
  Nergalle (D:10)
  An iron troll (Snake:4)
  A wretched star (Abyss:2)
  3 salamander mystics
  3 unseen horrors
  19 sea snakes
  An anaconda zombie (Abyss:2)
  2 swamp dragons
  2 spriggan druids (Swamp:4)
  7 hill giants
  Erolcha (D:13)
  9 naga ritualists
  9 mana vipers
  3 orc knights (Orc:4)
  An anaconda skeleton (Abyss:2)
  2 cyclopes
  4 hornets
  A wolf spider (Lair:8)
  3 griffons
  9 salamanders
  2 ugly things (D:12)
  6 elephants
  An apocalypse crab (Abyss:2)
  8 guardian serpents
  An orange demon (Abyss:2)
  A titan simulacrum (Abyss:2)
  A centaur zombie (D:13)
  A queen ant (Lair:7)
  16 naga magi
  5 komodo dragons
  3 human zombies
  11 spiny frogs
  46 black mambas
  A kobold demonologist (Abyss:2)
  An emperor scorpion zombie (Abyss:2)
  2 efreet
  A wandering mushroom (Lair:5)
  An ancient zyme (Abyss:2)
  14 blink frogs
  10 trolls
  3 large abominations (Abyss:2)
  A fire drake (Lair:8)
  11 ravens
  13 polar bears (IceCv)
  6 giant leeches
  18 slime creatures
  3 two-headed ogres
  2 baby alligators (Swamp:3)
  8 bog bodies
  2 shadows
  A flying skull (Orc:4)
  3 basilisks
  2 trapdoor spiders (D:12)
  15 humans
  4 ynoxinuls (Abyss:2)
  A redback (Lair:8)
  2 deep elf magi
  8 spriggans
  3 neqoxecs (Abyss:2)
  A hill giant zombie (D:13)
  2 wyverns (Lair:8)
  47 yaks
  A chaos spawn (Abyss:2)
  5 wraiths
  3 wargs
  2 steam dragons
  11 vampire mosquitoes
  70 nagas
  24 insubstantial wisps
  20 wolves
  2 hungry ghosts
  15 soldier ants
  11 hippogriffs
  21 swamp worms
  5 mottled dragons (Lair:8)
  5 porcupines
  43 water moccasins
  14 ogres
  34 orc warriors
  A merfolk skeleton (Abyss:2)
  4 phantoms
  3 spiders (Lair:8)
  9 swamp drakes
  A black bear (D:9)
  4 ice beasts
  11 starcursed masses (Abyss:2)
  2 eyes of draining (D:13)
  9 wasps
  A necrophage (D:7)
  7 centaurs
  A boring beetle (shapeshifter) (D:12)
  22 crocodiles
  3 boring beetles (Lair:8)
  A gnoll sergeant (D:6)
  A brain worm (Abyss:2)
  18 giant frogs
  A big kobold (D:9)
  A wyvern zombie (D:9)
  5 small abominations (Abyss:2)
  A wyvern skeleton (D:13)
  2 scorpions
  12 killer bees
  A water moccasin skeleton (D:6)
  10 wights
  An electric eel (Lair:3)
  3 goliath beetles
  4 crimson imps
  2 giant frog zombies
  A quasit (D:9)
  17 orc priests
  2 jellies
  23 orc wizards
  Crazy Yiuf (D:3)
  2 centaur skeletons
  15 hounds
  9 iguanas
  50 worker ants
  13 sheep
  A killer bee zombie (D:4)
  A hound zombie (D:11)
  A hound skeleton (D:11)
  A mummy (D:11)
  3 gnolls (D:6)
  21 adders
  36 river rats
  5 shadow imps
  5 worms
  2 ufetubi (Abyss:2)
  An adder zombie (D:6)
  An orc zombie (D:9)
  9 giant geckos
  An ooze (D:7)
  147 orcs
  3 ball pythons
  A bat zombie (D:5)
  3 giant cockroaches
  35 goblins
  21 hobgoblins
  12 jackals
  17 quokkas
  13 bats
  A giant gecko zombie (D:5)
  5 giant newts
  31 kobolds
  2 quokka skeletons
  A quokka zombie (D:9)
  17 rats
  9 ballistomycetes
  A fungus (Swamp:4)
  3 plants
  3 starspawn tentacles (Abyss:2)
  A starspawn tentacle segment (Abyss:2)
1477 creatures vanquished.

Vanquished Creatures (collateral kills)
  2 naga warriors (Snake:5)
  A naga sharpshooter (Snake:5)
  3 naga ritualists (Snake:5)
  2 naga magi (Snake:5)
  Sonja (Orc:4)
  8 nagas (Snake:5)
17 creatures vanquished.

Vanquished Creatures (others)
  An alligator (Swamp:2)
  An iron troll (Snake:4)
  A two-headed ogre (Snake:5)
  A raven (D:13)
  A human (D:13)
  A naga (Snake:5)
  2 giant spores (D:13)
  A briar patch (Swamp:5)
  2 fungi (Lair:8)
  11 starspawn tentacles (Abyss:2)
  384 starspawn tentacle segments (Abyss:2)
406 creatures vanquished.

Grand Total: 1900 creatures vanquished

Notes
Turn   | Place    | Note
--------------------------------------------------------------
     0 | D:1      | giann, the Gargoyle Berserker, began the quest for the Orb.
     0 | D:1      | Reached XP level 1. HP: 14/14 MP: 1/1
     1 | D:1      | Upgraded the game from 0.16.0-11-gd45b091 to 0.16.0-17-g811c1d7
    26 | D:1      | Reached XP level 2. HP: 17/19 MP: 2/2
    94 | D:1      | Acquired Trog's second power
   220 | D:1      | Reached XP level 3. HP: 24/24 MP: 3/3
   299 | D:1      | Reached skill level 4 in Fighting
   480 | D:2      | Found an iron altar of Okawaru.
   638 | D:2      | Reached XP level 4. HP: 30/30 MP: 4/4
   720 | D:2      | You fall through a shaft!
   951 | D:3      | Found a deep blue altar of Sif Muna.
  1247 | D:3      | Noticed Crazy Yiuf
  1252 | D:3      | Killed Crazy Yiuf
  1252 | D:3      | Reached XP level 5. HP: 34/34 MP: 5/5
  1462 | D:3      | Acquired Trog's third power
  1489 | D:3      | Found a sparkling altar of Nemelex Xobeh.
  1496 | D:3      | Found a glowing silver altar of Zin.
  1692 | D:3      | Received a gift from Trog
  1746 | D:4      | Reached skill level 5 in Fighting
  1771 | D:4      | Reached XP level 6. HP: 28/40 MP: 6/6
  1772 | D:4      | You fall through a shaft for 2 floors!
  1876 | D:6      | Reached XP level 7. HP: 35/44 MP: 7/7
  2012 | D:5      | Entered Level 5 of the Dungeon
  2113 | D:4      | Reached skill level 5 in Maces & Flails
  2360 | D:4      | Found a glowing golden altar of the Shining One.
  2381 | D:4      | Found a basalt altar of Yredelemnul.
  2409 | D:4      | Reached skill level 5 in Armour
  2511 | D:4      | Noticed a phantom
  2539 | D:4      | Killed a phantom
  2539 | D:4      | Reached XP level 8. HP: 41/51 MP: 8/8
  2670 | D:5      | Reached skill level 6 in Fighting
  2766 | D:5      | Found a burning altar of Makhleb.
  3466 | D:6      | Reached skill level 7 in Maces & Flails
  3509 | D:6      | Reached XP level 9. HP: 56/56 MP: 9/9
  3558 | D:6      | Found a staircase to the Ecumenical Temple.
  4256 | D:7      | Found a white marble altar of Elyvilon.
  4256 | D:7      | Noticed an angel
  4263 | D:7      | Found a runed door.
  4453 | D:7      | Received a gift from Trog
  4651 | D:7      | Found a white marble altar of Elyvilon.
  4852 | D:7      | Reached skill level 8 in Maces & Flails
  5524 | D:8      | Found an opulent altar of Gozag.
  5923 | D:9      | Reached skill level 9 in Maces & Flails
  5923 | D:9      | Reached XP level 10. HP: 64/64 MP: 3/10
  6024 | D:9      | Found an ancient bone altar of Kikubaaqudgha.
  6033 | D:9      | Found a burning altar of Makhleb.
  6033 | D:9      | Found a shimmering altar of Xom.
  6038 | D:9      | Found a blossoming altar of Fedhas.
  6039 | D:9      | Found a stormy altar of Qazlal.
  6116 | D:9      | Reached skill level 10 in Maces & Flails
  6381 | D:10     | Entered Level 10 of the Dungeon
  6419 | D:10     | Received a gift from Trog
  6516 | D:10     | Noticed a hill giant
  6521 | D:10     | Killed a hill giant
  6521 | D:10     | Reached skill level 11 in Maces & Flails
  6538 | D:10     | Noticed a hill giant
  6542 | D:10     | Killed a hill giant
  6736 | D:10     | Reached skill level 12 in Maces & Flails
  6816 | D:10     | Noticed Nergalle
  6823 | D:10     | Killed Nergalle
  6823 | D:10     | Reached XP level 11. HP: 68/68 MP: 3/11
  7012 | D:10     | Noticed a hill giant
  7019 | D:10     | Killed a hill giant
  7117 | D:10     | Reached skill level 13 in Maces & Flails
  7381 | D:11     | Found a staircase to the Lair.
  7654 | D:11     | Reached skill level 14 in Maces & Flails
  7655 | D:11     | Received a gift from Trog
  8004 | D:12     | Noticed a hill giant
  8011 | D:12     | Killed a hill giant
  8094 | D:12     | Noticed an unseen horror
  8096 | D:12     | Killed an unseen horror
  8096 | D:12     | Reached skill level 15 in Maces & Flails
  8096 | D:12     | Reached XP level 12. HP: 74/74 MP: 4/12
  8233 | D:12     | Found Micaz's Assorted Antiques.
  8613 | D:12     | Received a gift from Trog
  8636 | D:12     | Found a staircase to the Orcish Mines.
  8773 | Lair:1   | Entered Level 1 of the Lair of Beasts
  9118 | Lair:1   | Reached skill level 16 in Maces & Flails
  9230 | Lair:1   | Identified the Tome of the Damaging Arsonist
  9903 | Lair:2   | Noticed an eight-headed hydra
  9908 | Lair:2   | Killed an eight-headed hydra
  9996 | Lair:3   | Reached skill level 17 in Maces & Flails
 10061 | Lair:3   | Received a gift from Trog
 10378 | Lair:3   | Noticed Maud
 10394 | Lair:3   | Killed Maud
 10394 | Lair:3   | Reached XP level 13. HP: 78/78 MP: 4/13
 10859 | Lair:4   | Found a frozen archway.
 10941 | IceCv    | Entered an ice cave
 11076 | IceCv    | Received a gift from Trog
 11080 | IceCv    | Reached skill level 18 in Maces & Flails
 11130 | IceCv    | Reached skill level 10 in Fighting
 11243 | IceCv    | Noticed a frost giant
 11272 | IceCv    | Killed a frost giant
 11508 | Lair:4   | Found a staircase to the Swamp.
 12002 | Lair:5   | Found a staircase to the Snake Pit.
 12077 | Lair:5   | Found a deep blue altar of Sif Muna.
 12592 | Lair:6   | Found a glowing golden altar of the Shining One.
 12755 | Lair:6   | Noticed Rupert
 12757 | Lair:6   | Gained mutation: Your wings are large and strong. [gargoyle growth]
 12757 | Lair:6   | Reached XP level 14. HP: 90/90 MP: 4/14
 12763 | Lair:6   | Killed Rupert
 13559 | Lair:7   | Received a gift from Trog
 13644 | Lair:7   | Reached skill level 19 in Maces & Flails
 14378 | Lair:8   | Entered Level 8 of the Lair of Beasts
 14381 | Lair:8   | Received a gift from Trog
 14596 | Lair:8   | Got a crude hat
 14607 | Lair:8   | Identified the +0 hat of Cuah Efo {rElec} (You found it on level 8 of the Lair of Beasts)
 14880 | Lair:8   | Found a staircase to the Slime Pits.
 14904 | Lair:8   | Received a gift from Trog
 14973 | Lair:8   | Reached XP level 15. HP: 100/100 MP: 5/15
 15939 | Orc:1    | Entered Level 1 of the Orcish Mines
 15972 | Orc:1    | Received a gift from Trog
 16144 | Orc:1    | Found a roughly hewn altar of Beogh.
 16209 | Orc:1    | Found a flagged portal.
 16314 | Bailey   | Entered a bailey
 16449 | Bailey   | Got a steaming steam dragon armour
 16466 | Bailey   | Identified the cursed -2 steam dragon armour of the Bells {Dex+2 SInv} (You found it in a bailey)
 16791 | Orc:1    | Received a gift from Trog
 16949 | Orc:2    | Found a radiant altar of Vehumet.
 17228 | Orc:3    | Reached skill level 20 in Maces & Flails
 17234 | Orc:3    | Found Matzeddu's Armour Shop.
 17259 | Orc:3    | Bought a +1 helmet of see invisible for 280 gold pieces
 17275 | Orc:3    | Found a staircase to the Elven Halls.
 17300 | Orc:3    | Noticed Gastronok
 17311 | Orc:3    | Killed Gastronok
 17408 | Orc:3    | Found a roughly hewn altar of Beogh.
 17572 | Orc:3    | Received a gift from Trog
 17600 | Orc:3    | Found Ohuaf's Distillery.
 17712 | Orc:3    | Noticed Josephine
 17726 | Orc:3    | Killed Josephine
 17907 | Orc:4    | Entered Level 4 of the Orcish Mines
 18047 | Orc:4    | Found Cryrchi's Antique Weapon Shop.
 18231 | Orc:4    | Received a gift from Trog
 18236 | Orc:4    | Found Daegaf's General Store.
 18448 | Orc:4    | Found Briazer's Antique Armour Boutique.
 18451 | Orc:4    | Reached skill level 15 in Fighting
 18463 | Orc:4    | Noticed Sonja
 18483 | Orc:4    | Cast into the Abyss (Sonja)
 18536 | Abyss:2  | Noticed a tentacled starspawn
 18561 | Abyss:2  | Killed a tentacled starspawn
 18601 | Abyss:2  | Noticed a tentacled starspawn
 18626 | Abyss:2  | Killed a tentacled starspawn
 18953 | Abyss:2  | Reached XP level 16. HP: 70/110 MP: 5/16
 18974 | Abyss:2  | Noticed a lich
 18982 | Abyss:2  | Killed a lich
 19073 | Abyss:2  | Paralysed by accursed screaming for 1 turns
 19209 | Orc:4    | Escaped the Abyss
 19212 | Orc:4    | Killed Sonja
 19431 | Orc:4    | Found Kleap's Jewellery Boutique.
 19437 | Orc:4    | Received a gift from Trog
 19468 | Orc:4    | Bought a +5 ring of slaying for 1705 gold pieces
 19468 | Orc:4    | Bought an uncursed ring of protection from magic for 375 gold pieces
 19839 | D:13     | Found a gate to the Vaults.
 19839 | D:13     | Noticed Norris
 19839 | D:13     | Noticed Donald
 19891 | D:12     | Killed Donald
 19987 | D:13     | Killed Norris
 19987 | D:13     | Reached skill level 10 in Armour
 20323 | D:13     | Noticed Erolcha
 20325 | D:13     | Killed Erolcha
 20803 | Snake:1  | Entered Level 1 of the Snake Pit
 21071 | Snake:1  | Received a gift from Trog
 21522 | Snake:2  | Reached XP level 17. HP: 118/118 MP: 5/17
 21770 | Snake:2  | Noticed Jorgrun
 21780 | Snake:2  | Killed Jorgrun
 21780 | Snake:2  | Received a gift from Trog
 21851 | Snake:2  | Noticed Aizul
 21860 | Snake:2  | Killed Aizul
 21935 | Snake:2  | Noticed zacpavey's ghost (mighty MiBe)
 21942 | Snake:2  | Killed zacpavey's ghost
 22465 | Snake:3  | Noticed Louise
 22471 | Snake:3  | Killed Louise
 22737 | Snake:4  | Got a translucent turquoise ring
 23049 | Snake:4  | Noticed Mara
 23077 | Snake:4  | HP: 4/120 [iron troll[something] (6)]
 23090 | Snake:4  | Noticed giann's illusion
 23103 | Snake:4  | Killed giann's illusion
 23133 | Snake:4  | Killed Mara
 23206 | Snake:4  | Received a gift from Trog
 23974 | Swamp:1  | Entered Level 1 of the Swamp
 24037 | Swamp:1  | Noticed Agnes
 24044 | Swamp:1  | Killed Agnes
 24260 | Swamp:1  | Found a glowing golden altar of the Shining One.
 24525 | Swamp:1  | Identified the ring "Tuvigg" {+Fly SInv} (You found it on level 4 of the Snake Pit)
 24604 | Swamp:2  | Noticed Asterion
 24606 | Swamp:2  | Noticed a spectral weapon
 24613 | Swamp:2  | Killed Asterion
 25561 | Swamp:3  | Noticed a tentacled monstrosity
 25569 | Swamp:3  | Killed a tentacled monstrosity
 25689 | Swamp:3  | Reached XP level 18. HP: 111/128 MP: 6/18
 25816 | Swamp:4  | Received a gift from Trog
 26124 | Swamp:4  | Noticed Frances
 26137 | Swamp:4  | Killed Frances
 26975 | Snake:5  | Entered Level 5 of the Snake Pit
 26987 | Snake:5  | Reached skill level 15 in Armour
 26993 | Snake:5  | Received a gift from Trog
 27313 | Snake:5  | Noticed Vashnia
 27323 | Snake:5  | Killed Vashnia
 27437 | Snake:5  | Received a gift from Trog
 27745 | Snake:5  | Received a gift from Trog
 28010 | Snake:5  | Reached XP level 19. HP: 125/136 MP: 6/18
 28123 | Snake:5  | Received a gift from Trog
 28301 | Snake:5  | Reached skill level 21 in Fighting
 28458 | Snake:5  | Got a serpentine rune of Zot
 28971 | Swamp:3  | Received a gift from Trog
 29027 | Swamp:5  | Entered Level 5 of the Swamp
 29161 | Swamp:5  | Noticed Saint Roka
 29178 | Swamp:5  | Killed from afar by a thorn hunter

Action                   |  1- 3 |  4- 6 |  7- 9 | 10-12 | 13-15 | 16-18 | 19-21 || total
-------------------------+-------+-------+-------+-------+-------+-------+-------++-------
Melee: Mace              |   111 |   168 |   272 |       |       |       |       ||   551
       Great mace        |       |       |    77 |   466 |  1076 |   960 |   167 ||  2746
Invok: Berserk           |     1 |     2 |     4 |     7 |    10 |     6 |       ||    30
       Trog's Hand       |     1 |       |     4 |     9 |    19 |    24 |     6 ||    63
       Burn Spellbooks   |       |       |     1 |     2 |     3 |     5 |       ||    11
       Brothers in Arms  |       |       |       |       |       |     4 |     3 ||     7
 Abil: Fly               |       |       |       |       |     1 |       |       ||     1
  Use: Scroll            |     1 |     3 |    15 |    11 |     8 |    13 |     3 ||    54
       Potion            |       |       |       |       |     9 |     6 |     4 ||    19
 Stab: Invisible         |       |       |       |       |     1 |       |       ||     1
       Distracted        |       |       |       |       |       |       |     2 ||     2
  Eat: Bread ration      |     1 |     1 |     2 |     1 |     5 |     5 |       ||    15
       Beef jerky        |       |     1 |       |     2 |     4 |     3 |     1 ||    11
       Chunk             |       |       |     1 |       |     1 |     1 |       ||     3
       Meat ration       |       |       |     1 |     3 |     3 |     1 |     1 ||     9
       Royal jelly       |       |       |       |       |     1 |       |       ||     1
       Pizza             |       |       |       |       |       |     3 |       ||     3
